AoeStats
← iaa4e

Black Forest

507665909Analyzed
4v4 RM · 13d ago on Sep 19, 2026· 46m 55s· 8 players
Game mode
Random Map
Map size
Large (8 player)
Population
200
Speed
Normal
Resources
Standard
Victory
Conquest
Starting age
Dark Age
Ending age
Imperial Age
RankedLock teamsTeams togetherTeam positionsShared explorationLock speedFull tech treeHidden civsTurbo modeCheats
Victory
Defeat
🇨🇳 Vietnamese · China
1209
+15
🇪🇸 Khmer · Spain
1191
+16
🇲🇾 Bengalis · Malaysia
1184
+16
🇩🇪 Franks · Germany
1156
+18
🇹🇼 Maya · Taiwan
1272
-20
🇨🇳 Gurjaras · China
1243
-18
🇹🇼 Khmer · Taiwan
1135
-14
🇹🇼 Persians · Taiwan
1121
-13
Tintagel
1:56 Loom
13:59 Feudal Age
17:02 Double-Bit Axe
16:58 Horse Collar
21:15 Castle Age
19:50 Gold Mining
22:46 Bow Saw
23:04 Bloodlines
23:49 Wheelbarrow
26:57 Scale Barding Armor
27:27 Husbandry
28:03 Town Watch
28:52 Forging
30:20 Chain Barding Armor
34:19 Imperial Age
31:57 Heavy Plow
32:59 Iron Casting
32:25 Padded Archer Armor
33:02 Paiks
34:25 Onager
35:43 Elite Battle Elephant
39:04 Redemption
39:04 Fervor
39:15 Sanctity
39:46 Conscription
40:39 Plate Barding Armor
41:20 Caravan
43:50 Blast Furnace
44:49 Fletching
46:13 Bodkin Arrow
46:40 Ballistics
47:21 Chemistry
46:27 Siege Engineers
46:33 Masonry
46:43 Atonement
46:55 Spies/Treason
Jota
10:36 Feudal Age
13:36 Castle Age
15:27 Double-Bit Axe
18:47 Scale Barding Armor
22:09 Wheelbarrow
24:38 Bow Saw
26:04 Horse Collar
27:59 Heavy Plow
31:52 Imperial Age
29:25 Gold Mining
29:40 Loom
30:19 Hand Cart
30:26 Padded Archer Armor
31:24 Bloodlines
32:42 Gold Shaft Mining
33:05 Double Crossbow
33:28 Husbandry
34:24 Ballistics
35:05 Chemistry
35:36 Crop Rotation
35:32 Elite Ballista Elephant
36:52 Chain Barding Armor
36:48 Leather Archer Armor
37:27 Conscription
38:27 Town Watch
39:26 Siege Engineers
40:47 Plate Barding Armor
46:00 Ring Archer Armor
45:21 Fletching
45:43 Forging
iaa4e
6:42 Loom
11:53 Feudal Age
13:22 Double-Bit Axe
13:35 Gold Mining
15:50 Castle Age
21:56 Wheelbarrow
22:54 Bow Saw
24:27 Hand Cart
30:10 Imperial Age
27:30 Town Watch
30:18 Gold Shaft Mining
29:34 Stone Mining
30:22 Ballistics
30:08 Caravan
31:09 Forging
31:05 Scale Barding Armor
30:32 Light Cavalry
31:15 Husbandry
30:37 Cavalier
33:38 Paladin
37:05 Chain Barding Armor
37:24 Iron Casting
37:24 Town Patrol
39:07 Plate Barding Armor
42:03 Blast Furnace
41:05 Scale Mail Armor
42:10 Chivalry
42:32 Conscription
42:51 Hoardings
46:59 Chemistry
46:05 Siege Engineers
45:56 Murder Holes
46:12 Fortified Wall
46:20 Chain Mail Armor
45:56 Fletching
_OMO_
0:27 Loom
11:20 Feudal Age
11:34 Man-at-Arms
13:02 Arson
16:53 Double-Bit Axe
19:02 Horse Collar
24:36 Castle Age
22:55 Fletching
23:45 Padded Archer Armor
24:54 Gold Mining
24:55 Crossbowman
25:46 Bow Saw
25:57 Bodkin Arrow
30:56 Leather Archer Armor
33:52 Wheelbarrow
33:36 Stone Mining
35:22 Hand Cart
38:29 Imperial Age
36:27 Scale Mail Armor
36:38 Forging
39:17 Chain Mail Armor
39:38 Iron Casting
40:23 Two-Man Saw
39:54 Elite Fire Lancer
41:05 Squires
43:05 Chemistry
42:54 Siege Engineers
43:45 Plate Mail Armor
43:30 Heavy Plow
43:47 Guilds
44:12 Bracer
46:03 Crop Rotation
46:05 Ring Archer Armor
46:07 Coinage
46:36 Murder Holes
46:23 Treadmill Crane
bluemountain
0:27 Loom
14:10 Feudal Age
18:58 Fletching
23:26 Padded Archer Armor
28:09 Castle Age
26:07 Double-Bit Axe
29:56 Castle Age
30:01 Crossbowman
30:43 Bodkin Arrow
32:14 Fishing Lines
34:36 Bow Saw
34:09 Horse Collar
34:46 Gold Mining
34:58 Heavy Plow
35:01 Gillnets
36:17 Wheelbarrow
36:46 Elite Skirmisher
37:31 Thumb Ring
37:59 Hul'che Javelineers
39:48 Hand Cart
39:48 Town Watch
40:20 Squires
41:43 Leather Archer Armor
42:57 Thumb Ring
47:18 Imperial Age
45:36 Scale Mail Armor
45:46 Forging
45:03 Eagle Warrior
45:28 Arson
46:09 Ballistics
45:30 Treadmill Crane
46:06 Masonry
47:06 Chain Mail Armor
46:19 Eagle Warrior
46:45 Arson
TingA
0:29 Loom
15:35 Feudal Age
17:33 Double-Bit Axe
17:37 Horse Collar
21:57 Fishing Lines
26:01 Castle Age
26:12 Gold Mining
28:44 Bow Saw
30:33 Wheelbarrow
33:05 Imperial Age
31:35 Town Watch
32:01 Gillnets
32:31 Hand Cart
32:37 Husbandry
33:36 Heavy Plow
34:13 Scale Barding Armor
35:17 Two-Man Saw
34:37 Stone Mining
36:45 Gold Shaft Mining
36:56 Town Patrol
37:30 Crop Rotation
37:04 Cavalier
38:39 Bloodlines
39:33 Savar
中国足球
11:02 Feudal Age
11:39 Double-Bit Axe
16:04 Castle Age
13:56 Fishing Lines
17:54 Gold Mining
18:19 Bow Saw
18:23 Scale Barding Armor
27:57 Horse Collar
28:39 Chain Barding Armor
30:14 Bloodlines
31:37 Loom
32:27 Wheelbarrow
32:41 Heavy Plow
34:28 Hand Cart
38:36 Imperial Age
36:11 Arson
37:04 Husbandry
37:12 Gillnets
38:34 Gold Shaft Mining
38:45 Kshatriyas
38:40 Stone Mining
39:26 Forging
39:46 Conscription
38:49 Siege Elephant
40:50 Plate Barding Armor
40:50 Iron Casting
40:06 Onager
40:20 Heavy Camel Rider
40:36 Onager
42:59 Chemistry
42:21 Ballistics
41:40 Onager
43:03 Frontier Guards
小小吸管
1:29 Loom
13:29 Feudal Age
17:59 Castle Age
17:13 Double-Bit Axe
20:22 Horse Collar
21:33 Bow Saw
26:01 Heavy Plow
26:27 Gold Mining
29:55 Fortified Wall
33:21 Imperial Age
33:11 Gold Shaft Mining
34:36 Padded Archer Armor
34:27 Fletching
34:06 Heavy Scorpion
35:10 Conscription
36:05 Wheelbarrow
37:58 Double Crossbow
41:23 Elite Ballista Elephant
45:52 Leather Archer Armor
45:33 Bodkin Arrow
46:46 Chemistry
46:07 Ballistics
Connection lost

Rejoining the realm…

Still unreachable

The connection could not be restored.

Session expired

The server has moved on; the page needs a fresh start.